 Dungeon Crawl Stone Soup version 0.31-a0-236-g9a0961fb85 (webtiles) character file.

Game seed: 8643758977902682895

679 qw the Skirmisher (level 7, -4/60 HPs)
             Began as a Minotaur Hexslinger on July 10, 2023.
             Slain by an ogre
             ... wielding a +0 giant spiked club
              (32 damage)
             ... on level 5 of the Dungeon.
             The game lasted 00:01:12 (3135 turns).

qw the Skirmisher (Minotaur Hexslinger)             Turns: 3135, Time: 00:01:12

Health: -4/60      AC:  7    Str: 13    XL:     7   Next: 34%
Magic:  7/7        EV: 11    Int: 10    God:
Gold:   283        SH:  0    Dex: 14    Spells: 7/8 levels left

rFire   . . .        Y - +0 orcbow
rCold   . . .        (shield currently unavailable)
rNeg    + . .        e - +0 ring mail
rPois   .            i - +1 hat
rElec   .            (no cloak)
rCorr   .            (no gloves)
SInv    .            j - +0 pair of boots
Will    .....        (no amulet)
Stlth   +            c - +4 ring of slaying {mikee}
HPRegen 0.30/turn    a - ring of positive energy
MPRegen 0.10/turn

%: no passive effects
@: no status effects
A: horns 2, retaliatory headbutt
a: no special abilities


You were on level 5 of the Dungeon.
You visited 1 branch of the dungeon, and saw 5 of its levels.

You collected 283 gold pieces.


Innate Abilities, Weirdness & Mutations

You have a pair of horns on your head.
You reflexively headbutt those who attack you in melee.


   Skills:
 + Level 4.5 Fighting
 - Level 8.0 Ranged Weapons
 - Level 1.0 Armour
 - Level 2.1 Dodging
 - Level 1.0 Spellcasting
 - Level 2.0 Hexes


You had 7 spell levels left.
You knew the following spells:

 Your Spells              Type           Power      Damage    Failure   Level
a - Slow                  Hex            16%        N/A       32%         1

Your spell library contained the following spells:

 Spells                   Type           Power      Damage    Failure   Level
 Inner Flame              Hex/Fire       2%         N/A       82%         3
 Portal Projectile        Hex/Tloc       4%         N/A       82%         3
 Cause Fear               Hex            2%         N/A       97%         4

Inventory:

Hand Weapons
 Y - a +0 orcbow (weapon)
Armour
 e - a +0 ring mail (worn)
 i - a +1 hat (worn)
 j - a +0 pair of boots (worn)
Jewellery
 a - a ring of positive energy (right hand)
 c - a +4 ring of slaying (left hand) {mikee}
Scrolls
 f - 3 scrolls of identify
Potions
 g - 2 potions of curing

Dungeon Overview and Level Annotations

Branches:
Dungeon (5/15)
 Temple: D:4-7

Altars:
Elyvilon
Gozag
Kikubaaqudgha
Yredelemnul

Shops:
D:1 (

Annotations:
D:3 1 runed translucent door


Message History

The arrow hits the orc priest but does no damage.
The orc priest is moderately wounded.
You feel very sick. The water moccasin bites you. x2
You shoot an arrow. The arrow hits the water moccasin!
The water moccasin is almost dead.
You feel very sick. The water moccasin bites you.
The water moccasin closely misses you.
You shoot an arrow. The arrow hits the water moccasin!
You kill the water moccasin!
You feel sick.
Your Ranged Weapons skill increases to level 8!
You shoot an arrow. The arrow hits the orc priest.
The orc priest is severely wounded.
You feel sick.
The orc priest hits you but does no damage.
You shoot an arrow. The arrow hits the orc priest.
The orc priest is almost dead.
You feel sick.
The orc priest hits you but does no damage.
The orc priest misses you.
3132 ||| DRINKING potion of heal wounds.
You feel much better.
You feel sick.
The orc priest hits you with a +0 hand axe.
You shoot an arrow.
The arrow completely misses the orc priest.
The arrow hits the ogre.
The ogre is moderately wounded.
You feel sick.
The orc priest hits you with a +0 hand axe.
You shoot an arrow. The arrow hits the orc priest!
You kill the orc priest!
You feel sick.
You are no longer poisoned.
You shoot an arrow. The arrow barely misses the ogre.
The arrow hits the orc.
The orc is lightly wounded.
The ogre hits you with a +0 giant spiked club!!
Ouch! That really hurt!
You die...

.....#
.....#####
#........
.....'...#
#.......
.....###.#
#......
.....'<#.#
.....
.....###.#
.... ####.#
#.# #o. #.#
#.# #O# #.#
#.# #@# #.#
#.# #.# #.#
#.# #.# ..#
#.# #.# #.#
#.#
#.#######.#
#.........#
###########


You could see an ogre and an orc.

Vanquished Creatures
  A water moccasin (D:5)
  2 black bears
  A phantom (D:4)
  A howler monkey (D:4)
  2 orc priests
  A human zombie (D:3)
  2 sleepcaps (D:4)
  6 adders
  2 worms
  6 orcs
  4 ball pythons
  8 endoplasms
  4 giant cockroaches
  3 hobgoblins
  4 jackals (D:2)
  6 kobolds
  4 quokkas
  3 bats
  2 frilled lizards (D:1)
  5 goblins
  5 rats
72 creatures vanquished.

Notes
Turn   | Place    | Note
-------+----------+-------------------------------------------
     0 | D:1      | qw the Minotaur Hexslinger began the quest for the Orb.
     0 | D:1      | Reached XP level 1. HP: 16/16 MP: 1/1
     0 | D:1      | 0 ||| qw: Version: 0.3-a-52-g30416fa
     0 | D:1      | 0 ||| qw: Game counter: 4917
     0 | D:1      | 0 ||| qw: Melee chars always use a shield: true
     0 | D:1      | 0 ||| qw: God list: Okawaru
     0 | D:1      | 0 ||| qw: Allow faded altars: false
     0 | D:1      | 0 ||| qw: Do Orc after clearing Dungeon:15 true
     0 | D:1      | 0 ||| qw: Do second Lair branch before Depths: true
     0 | D:1      | 0 ||| qw: Lair rune preference: random
     0 | D:1      | 0 ||| qw: Goals: Normal
     0 | D:1      | 0 ||| PLANNING D:1-11
    91 | D:1      | Reached skill level 3 in Ranged Weapons
   115 | D:1      | Reached XP level 2. HP: 23/23 MP: 2/2
   560 | D:1      | Found Tuizoih's Weapon Emporium.
   855 | D:1      | 855 ||| UPGRADING to +0 ring mail.
   865 | D:1      | 865 ||| DROPPING +0 robe.
   866 | D:1      | 866 ||| UPGRADING to +1 hat.
   871 | D:1      | 871 ||| READING scroll labelled WURALU ISO.
   872 | D:1      | 872 ||| READING scroll labelled SETADU URA ZYUTANT.
   873 | D:1      | 873 ||| READING scroll labelled FOCEUM CEOQAECAIS.
   874 | D:1      | 874 ||| DRINKING 2 inky potions.
   875 | D:1      | 875 ||| DROPPING scroll of poison.
   949 | D:2      | Reached XP level 3. HP: 29/29 MP: 3/3
   999 | D:2      | Reached skill level 4 in Ranged Weapons
  1020 | D:2      | Found a white marble altar of Elyvilon.
  1112 | D:2      | 1112 ||| SWAPPING to +0 orcbow.
  1113 | D:2      | 1113 ||| DROPPING +1 sling.
  1289 | D:2      | Reached skill level 1 in Armour
  1296 | D:2      | You fall into a shaft and drop 1 floor!
  1388 | D:3      | Reached XP level 4. HP: 36/36 MP: 4/4
  1462 | D:3      | 1462 ||| UPGRADING to +4 ring of slaying {mikee}.
  1463 | D:3      | 1463 ||| READING scroll labelled RIWAQOTEPIFF.
  1464 | D:3      | 1464 ||| DRINKING 2 emerald potions.
  1694 | D:3      | Noticed a black bear
  1701 | D:3      | Killed a black bear
  1702 | D:3      | Reached skill level 5 in Ranged Weapons
  1702 | D:3      | Reached XP level 5. HP: 38/41 MP: 5/5
  1809 | D:3      | Found a runed translucent door.
  1809 | D:3      | Noticed a human
  1836 | D:3      | Found a basalt altar of Yredelemnul.
  2043 | D:3      | 2043 ||| UPGRADING to +0 pair of boots.
  2048 | D:3      | 2048 ||| READING scroll labelled ZULORE HULA.
  2049 | D:3      | 2049 ||| DRINKING 2 yellow potions.
  2050 | D:3      | 2050 ||| DRINKING 2 gluggy clear potions.
  2155 | D:3      | 2155 ||| DROPPING potion of invisibility.
  2156 | D:3      | 2156 ||| DROPPING potion of berserk rage.
  2198 | D:4      | Reached skill level 3 in Fighting
  2263 | D:4      | Noticed a phantom
  2270 | D:4      | Killed a phantom
  2271 | D:4      | Reached skill level 6 in Ranged Weapons
  2271 | D:4      | Reached XP level 6. HP: 51/51 MP: 6/6
  2414 | D:4      | Found an opulent altar of Gozag.
  2418 | D:4      | Found an ancient bone altar of Kikubaaqudgha.
  2758 | D:4      | Reached skill level 7 in Ranged Weapons
  2759 | D:4      | Reached XP level 7. HP: 35/59 MP: 7/7
  3049 | D:4      | 3049 ||| UPGRADING to ring of positive energy.
  3050 | D:4      | 3050 ||| READING scroll labelled WETOKL LEEM.
  3084 | D:5      | Entered Level 5 of the Dungeon
  3130 | D:5      | Reached skill level 8 in Ranged Weapons
  3131 | D:5      | HP: 14/59 [poisoned by a water moccasin]
  3132 | D:5      | 3132 ||| DRINKING potion of heal wounds.
  3135 | D:5      | Slain by an ogre

Levels and vault maps discovered:
D:1:      roderic_dead_forest, layout_loops_corners, serial_shops,
          nicolae_shop_bloodbath_and_beyond
D:2:      layout_rooms, basic_altar, minmay_hedge_maze
D:3:      layout_basic, dk_yredelemnul_ordeal
D:4:      layout_loops_ring, nicolae_overflow_hidden_temple,
          gammafunk_temple_overflow_pools
D:5:      layout_basic

Skill      XL: |  1  2  3  4  5  6  7 |
---------------+----------------------+-----
Ranged Weapons | 3 4 5 6 7 8 |  8.0
Fighting       | 2 3 4 |  4.5
Armour         | 1 |  1.0
Dodging        | |  2.1
Spellcasting   | |  1.0
Hexes          | |  2.0

Action                     |  1- 3 |  4- 6 |  7- 9 || total
---------------------------+-------+-------+-------++-------
   Fire: Sling             |    95 |       |       ||    95
         Orcbow            |    18 |   115 |    24 ||   157
    Use: Scroll            |     3 |     2 |     1 ||     6
         Potion            |     1 |     3 |     1 ||     5
 Armour: Robe              |     1 |       |       ||     1
         Ring mail         |     8 |    22 |     6 ||    36
  Dodge: Dodged            |    25 |    42 |     8 ||    75

Table legend:
 A = Non-vault XP
 B = Vault XP
 C = Vault XP percentage of total XP
 D = Non-vault monster count
 E = Vault monster count
 F = Vault count percentage of total count
                 A         B        C        D         E       F
            +---------+---------+-------+---------+---------+-------
      Total |     930 |      41 |   4.2 |      71 |       1 |   1.4
            +---------+---------+-------+---------+---------+-------
        D:1 |      35 |       0 |   0.0 |      21 |       0 |   0.0
        D:2 |      51 |       0 |   0.0 |      15 |       0 |   0.0
        D:3 |     165 |      41 |  19.9 |       7 |       1 |  12.5
        D:4 |     482 |       0 |   0.0 |      25 |       0 |   0.0
        D:5 |     197 |       0 |   0.0 |       3 |       0 |   0.0
            +---------+---------+-------+---------+---------+-------
